 Dungeon Crawl Stone Soup version 0.14-a0-1192-g192f278 (webtiles) character file.

1312 PolkaDot the Jinx (level 8, -15/52 HPs)
             Began as a Vampire Enchanter on Nov 30, 2013.
             Was an Initiate of Ashenzari.
             Demolished by an ogre
             ... wielding a +0,+0 giant spiked club
              (19 damage)
             ... on Level 6 of the Dungeon.
             The game lasted 00:17:49 (5547 turns).

PolkaDot the Jinx (Vampire Enchanter)               Turns: 5547, Time: 00:17:49

HP -15/52        AC  4     Str  7      XL: 8   Next: 11%
MP  13/13        EV 12     Int 17      God: Ashenzari [......]
Gold 202         SH 11     Dex 16      Spells:  2 memorised,  5 levels left

rFire  . . .     SeeInvis +     a - +1,+2 dagger
rCold  . . .     Clarity  .     b - +1 robe
rNeg   + . .     Conserve .     f - +0 buckler (curse)
rPois  .         rCorr    .     (no helmet)
rElec  .         rRot     .     (no cloak)
SustAb . .       Spirit   .     (no gloves)
rMut   .         Warding  .     (no boots)
Saprov . . .     Stasis   .     (no amulet)
                                (no ring)
                                o - +1 ring of protection

@: somewhat resistant to hostile enchantments, quite stealthy
A: bottle blood, fangs 3, see invisible, unbreathing
a: Bat Form, Bottle Blood, Renounce Religion


You were on level 6 of the Dungeon.
You worshipped Ashenzari.
Ashenzari was noncommittal.
You were not thirsty.

You visited 2 branches of the dungeon, and saw 7 of its levels.

You collected 202 gold pieces.

Inventory:

Hand weapons
 a - a +1,+2 dagger (weapon)
Missiles
 d - 12 darts (quivered)
Armour
 b - a +1 robe (worn)
 f - a cursed +0 buckler (worn)
Magical devices
 m - a wand of slowing (16) {unknown}
Scrolls
 g - a scroll of enchant weapon I {unknown}
 h - a scroll of teleportation {unknown}
 i - 3 scrolls of curse armour
 k - a scroll of enchant weapon II
 n - 3 scrolls of remove curse
 p - a scroll of recharging {unknown}
Jewellery
 o - a +1 ring of protection (left hand)
Potions
 e - a potion of curing
 j - 2 potions of brilliance
 l - 2 potions of restore abilities {unknown}
Books
 c - a book of Maledictions

   Spells                             Type                      Level
   *Corona                            Hexes                        1
   Sure Blade                         Hexes/Charms                 2
   Ensorcelled Hibernation            Hexes/Ice                    2
   *Confuse                           Hexes                        3
   Enslavement                        Hexes                        4
   Invisibility                       Hexes                        6


   Skills:
 - Level 7.1 Short Blades
 - Level 0.7 Throwing
 - Level 2.1 Dodging
 + Level 4.0 Stealth
 * Level 4.1 Shields
 - Level 1.0 Spellcasting
 + Level 8.1 Hexes


You had 5 spell levels left.
You knew the following spells:

 Your Spells              Type           Power        Failure   Level  Hunger
a - Corona                Hex            ####...      1%          1    ##.....
c - Confuse               Hex            ####....     2%          3    ####...


Dungeon Overview and Level Annotations

Branches:
Dungeon (6/16)             Temple (1/1) D:4

Altars:
Ashenzari
Cheibriados
Elyvilon
Fedhas
Kikubaaqudgha
Makhleb
Okawaru
Sif Muna
Trog
Vehumet
Xom
Yredelemnul
Zin
the Shining One


Innate Abilities, Weirdness & Mutations

You can bottle blood from corpses.
You have razor-sharp teeth.*
You have supernaturally acute eyesight.
You can survive without breathing.*


Message History

The orc barely misses you. The orc misses you.
The orc shouts!
The orc misses you.
An orc comes into view. It is wielding an orcish whip.
The orc barely misses you.
The orc hits you from afar with an orcish trident.
There is a stone staircase leading down here.
The orc hits you with an orcish flail! The orc barely misses you.
The orc hits you with an orcish flail!
* * * LOW HITPOINT WARNING * * *
The orc hits you but does no damage.
The orc hits you from afar with an orcish trident.
* * * LOW HITPOINT WARNING * * *
The orc hits you with an orcish whip.
* * * LOW HITPOINT WARNING * * *
The orc misses you. The orc closely misses you.
The ogre hits you with a giant spiked club!
You die...

# # ###.. #. .#.... .#?
..........
###...........
#.##..........
######..#..........
#..##..#.#.........
#.@Oo..#..#........
#.#..oo.............
#.#..o...............
##..........>........
......................
....................###
.......%..........## #
.................#
................## #


You could see an ogre and 4 orcs.

Vanquished Creatures
  Grinder (D:5)
  Prince Ribbit (D:5)
  A sky beast (D:4)
  An ice beast (D:5)
  3 crimson imps (D:5)
  A giant frog skeleton (D:4)
  An iguana (D:4)
  An orc priest (D:3)
  An orc wizard (D:5)
  2 worker ants
  2 scorpions
  An ogre skeleton (D:4)
  Terence (D:2)
  3 gnolls (D:4)
  3 adders
  A giant mite (D:4)
  2 worms
  4 giant geckos
  An ooze (D:4)
  12 orcs
  8 bats
  10 goblins
  6 hobgoblins
  10 jackals
  4 quokkas
  A ball python (D:1)
  4 giant cockroaches
  2 giant newts
  12 kobolds
  An orc skeleton (D:4)
  10 rats
  A rat skeleton (D:4)
112 creatures vanquished.

Notes
Turn   | Place    | Note
--------------------------------------------------------------
     0 | D:1      | PolkaDot, the Vampire Enchanter, began the quest for the Orb.
     0 | D:1      | Reached XP level 1. HP: 13/13 MP: 4/4
   399 | D:1      | Reached XP level 2. HP: 17/19 MP: 5/5
  1191 | D:2      | Reached XP level 3. HP: 21/24 MP: 6/6
  1357 | D:2      | Noticed Terence
  1382 | D:2      | Learned a level 3 spell: Confuse
  1406 | D:2      | Killed Terence
  1406 | D:2      | Reached skill level 1 in Shields
  1584 | D:2      | Reached skill level 5 in Hexes
  1931 | D:2      | Reached XP level 4. HP: 25/30 MP: 8/8
  2406 | D:3      | Found a basalt altar of Yredelemnul.
  2406 | D:3      | Found a snail-covered altar of Cheibriados.
  2772 | D:3      | Reached XP level 5. HP: 35/35 MP: 9/9
  3262 | D:4      | Found a staircase to the Ecumenical Temple.
  3273 | D:4      | Reached skill level 6 in Hexes
  3284 | Temple   | Entered the Ecumenical Temple
  3395 | Temple   | Became a worshipper of Ashenzari the Shackled
  3512 | D:4      | Reached XP level 6. HP: 29/41 MP: 1/10
  3579 | D:4      | Noticed a sky beast
  3599 | D:4      | Killed a sky beast
  3599 | D:4      | Reached skill level 5 in Short Blades
  4376 | D:5      | Entered Level 5 of the Dungeon
  4536 | D:5      | Noticed Prince Ribbit
  4546 | D:5      | Noticed Grinder
  4605 | D:5      | Killed Prince Ribbit
  4605 | D:5      | Reached skill level 7 in Hexes
  4605 | D:5      | Reached XP level 7. HP: 24/46 MP: 1/11
  4651 | D:5      | Killed Grinder
  4984 | D:5      | Reached skill level 8 in Hexes
  4984 | D:5      | Reached XP level 8. HP: 29/52 MP: 2/13
  5547 | D:6      | Demolished by an ogre

Action                   |  1- 3 |  4- 6 |  7- 9 || total
-------------------------+-------+-------+-------++-------
Melee: Dagger            |    77 |   217 |    85 ||   379
       Short sword       |    95 |    30 |       ||   125
 Cast: Confuse           |     2 |    21 |    15 ||    38
  Use: Potion            |     1 |     9 |       ||    10
       Scroll            |     3 |     9 |       ||    12
 Stab: Sleeping          |     7 |    10 |     3 ||    20
       Confused          |     3 |     8 |     6 ||    17
       Invisible         |       |     2 |       ||     2
